Map: [ESL] Tropical Sacrifice

Players

Reynor

  • Race: Zerg Zerg
  • Spawn Location: 7:00

Maru - Winner!

  • Race: Terran Terran
  • Spawn Location: 1:00

Event: DreamHack SC2 Masters 2022 Valencia

VOD

https://youtu.be/KBgmSF5--Ls

Description

Time

  • Played on: July 3, 2022, 9:41 a.m.
  • Length: 36:11

All games in this series

Show
View Real Time Build Order
Export as new Build Order

Reynor Zerg 

Build Orders: Hatch First, Swarm Host 

Get SALT Encoding   

  12  0:00  Drone  
  13  0:13  Overlord  
  13  0:18  Drone  
  14  0:31  Drone x2  
  16  0:49  Hatchery  
  15  0:53  Drone  
  15  0:56  Drone  
  17  0:59  Drone  
  18  1:10  Extractor  
  17  1:15  Spawning Pool  
  17  1:18  Drone  
  17  1:22  Drone  
  18  1:29  Drone  
  19  1:39  Drone  
  20  1:50  Overlord  
  20  2:02  Queen, Zergling x4  
  20  2:03  Queen  
  26  2:11  Drone  
  26  2:12  Drone  
  28  2:23  Drone x2  
  30  2:30  Spore Crawler, Metabolic Boost  
  30  2:41  Drone, Hatchery  
  30  2:43  Drone  
  31  2:46  Drone  
  31  2:49  Overlord  
  32  2:54  Drone  
  32  2:55  Drone  
  34  3:01  Queen  
  36  3:07  Drone, Overlord  
  37  3:13  Drone x2  
  37  3:14  Drone  
  37  3:19  Overlord, Drone  
  41  3:24  Queen  
  43  3:27  Drone  
  43  3:30  Drone  
  45  3:36  Queen  
  45  3:38  Drone  
  45  3:40  Drone  
  49  3:49  Overlord  
  49  3:51  Drone  
  49  3:53  Drone  
  49  3:55  Queen  
  53  3:59  Drone  
  53  4:02  Drone  
  55  4:03  Overlord  
  55  4:08  Drone, Queen  
  58  4:10  Drone x2  
  58  4:11  Overlord  
  58  4:14  Drone x2  
  62  4:21  Zergling x2  
  62  4:23  Queen  
  65  4:24  Drone  
  65  4:25  Drone  
  65  4:27  Roach Warren  
  65  4:31  Queen  
  66  4:33  Zergling x2  
  66  4:35  Drone  
  66  4:36  Drone  
  71  4:39  Drone x2  
  71  4:40  Overlord  
  71  4:43  Zergling x2  
  74  4:48  Drone x2  
  74  4:50  Lair  
  75  4:54  Drone  
  75  4:55  Drone x3  
  75  4:57  Overlord, Extractor  
  78  5:00  Drone  
  78  5:02  Extractor, Drone  
  78  5:03  Extractor  
  78  5:05  Hatchery  
  78  5:06  Drone  
  78  5:09  Roach  
  78  5:10  Roach x2  
  84  5:15  Roach  
  84  5:16  Roach  
  84  5:18  Overlord  
  84  5:19  Drone x2  
  90  5:22  Drone  
  90  5:23  Drone  
  90  5:27  Spore Crawler x2  
  90  5:28  Drone  
  91  5:29  Evolution Chamber, Queen  
  91  5:33  Spore Crawler  
  91  5:35  Drone x2  
  93  5:36  Drone  
  93  5:40  Drone x2  
  96  5:43  Roach x2  
  96  5:46  Overlord  
  96  5:47  Glial Reconstitution  
  96  5:48  Drone  
  101  5:50  Extractor  
  101  5:52  Drone, Extractor  
  101  5:55  Overlord  
  101  5:56  Drone x2  
  102  5:57  Drone  
  102  6:00  Overlord  
  102  6:03  Drone x2  
  104  6:05  Overlord  
  104  6:10  Overlord  
  104  6:19  Spire  
  104  6:21  Drone x5  
  104  6:23  Drone  
  104  6:24  Drone  
  107  6:27  Drone  
  107  6:28  Drone  
  107  6:29  Drone x2  
  107  6:31  Drone x2  
  107  6:32  Drone  
  114  6:33  Drone  
  114  6:35  Drone  
  114  6:38  Overlord  
  114  6:39  Drone x2  
  117  6:44  Overlord  
  117  6:46  Drone x3  
  120  6:49  Drone x2  
  120  6:52  Zerg Missile Weapons Level 1  
  120  6:53  Overlord  
  122  6:56  Drone x3  
  122  6:57  Extractor, Overlord  
  122  6:59  Extractor  
  122  7:01  Queen  
  123  7:03  Overlord  
  123  7:05  Drone x3  
  128  7:09  Overlord  
  128  7:24  Drone x2  
  128  7:25  Spore Crawler  
  129  7:31  Corruptor x8  
  129  7:32  Corruptor  
  129  7:34  Overlord  
  147  7:39  Infestation Pit  
  146  7:44  Corruptor  
  146  7:47  Overlord  
  148  7:54  Drone x2  
  148  7:56  Spore Crawler, Spine Crawler  
  148  8:15  Hatchery  
  148  8:17  Swarm Host x10  
  177  8:22  Swarm Host  
  177  8:25  Swarm Host  
  182  8:29  Baneling Nest  
  181  8:34  Swarm Host x2  
  187  8:43  Swarm Host x3  
  187  8:47  Hatchery  
  195  8:56  Swarm Host  
  198  9:04  Zerg Missile Weapons Level 2  
  198  9:07  Drone  
  198  9:09  Baneling Nest, Evolution Chamber, Drone  
  198  9:13  Centrifugal Hooks  
  199  9:24  Hive  
  199  9:43  Corruptor x3  
  199  10:04  Corruptor x2  
  199  10:10  Zerg Flyer Weapons Level 1  
  199  10:17  Extractor  
  199  10:18  Extractor  
  197  10:27  Zergling x2  
  197  10:28  Zergling x8  
  200  10:35  Ravager x3  
  199  10:36  Ravager  
  199  10:38  Pneumatized Carapace  
  200  10:48  Adrenal Glands  
  200  10:51  Extractor  
  200  10:55  Spore Crawler, Spine Crawler, Extractor  
  200  10:56  Spine Crawler  
  195  10:58  Spore Crawler  
  186  11:15  Roach x7, Zergling x12  
  199  11:29  Spore Crawler  
  198  11:38  Baneling  
  198  11:39  Baneling x13  
  198  11:41  Zergling x4  
  186  12:02  Corruptor x4  
  186  12:05  Zergling x16  
  200  12:23  Zerg Missile Weapons Level 3  
  200  12:24  Zerg Melee Weapons Level 1  
  185  12:45  Zergling x28  
  185  12:46  Zergling x12  
  185  12:48  Corruptor  
  198  12:54  Roach x3, Zergling x8  
  197  13:02  Zergling x4  
  197  13:05  Baneling x20  
  199  13:14  Zerg Flyer Weapons Level 2  
  199  13:18  Corruptor x4  
  198  13:31  Zergling x16  
  198  13:32  Zergling x2  
  192  13:41  Zergling x18  
  200  14:00  Hatchery  
  192  14:04  Ravager x4  
  192  14:07  Zergling x8  
  183  14:17  Zergling x36  
  183  14:18  Corruptor x2  
  183  14:23  Zergling x10  
  197  14:40  Corruptor x2, Baneling x15  
  188  14:46  Corruptor x4  
  188  14:49  Baneling x12  
  188  14:50  Ravager, Baneling x3  
  188  14:52  Zergling x10  
  196  15:04  Zergling x24  
  196  15:05  Zergling x4  
  196  15:06  Zergling x2  
  197  15:10  Zergling x8  
  197  15:12  Zergling x4  
  186  15:25  Overseer x2  
  186  15:27  Swarm Host x3, Hatchery  
  194  15:29  Baneling x14  
  194  15:30  Zergling x10  
  199  15:39  Baneling  
  199  15:40  Baneling x6  
  175  15:58  Zergling x28  
  175  15:59  Zergling x8  
  175  16:06  Zergling x4  
  175  16:09  Roach  
  175  16:11  Corruptor x2  
  173  16:12  Queen  
  173  16:13  Drone x3  
  173  16:15  Roach x4  
  173  16:16  Roach  
  192  16:21  Baneling  
  192  16:22  Baneling x13  
  192  16:24  Drone  
  193  16:25  Zerg Melee Weapons Level 2  
  193  16:28  Zerg Ground Armor Level 1  
  193  16:32  Ravager  
  194  16:43  Baneling x8  
  190  16:51  Roach  
  190  16:52  Roach x2, Zergling x22  
  200  16:56  Overlord  
  200  17:03  Overseer  
  200  17:06  Overseer  
  185  17:27  Zergling x20  
  185  17:28  Zergling x8  
  182  17:32  Roach, Zergling x24  
  177  17:40  Zergling x22  
  177  17:42  Ravager x2  
  177  17:43  Zergling x4  
  190  17:47  Baneling x15  
  190  17:48  Drone x3  
  190  17:49  Drone x3  
  196  17:54  Drone  
  196  17:55  Drone  
  196  17:57  Baneling x8  
  196  17:58  Baneling x2  
  198  18:01  Ravager  
  199  18:08  Baneling x5  
  184  18:24  Zergling x24  
  184  18:25  Zergling x24  
  182  18:28  Overlord  
  182  18:29  Zerg Flyer Weapons Level 3  
  182  18:32  Drone x3  
  185  18:34  Zergling x6  
  185  18:35  Zergling x4  
  190  18:48  Baneling x15  
  190  18:56  Baneling x8, Hatchery  
  179  19:17  Zergling x14  
  179  19:18  Zergling x18  
  189  19:37  Roach x2, Baneling x7  
  189  19:38  Overlord  
  193  19:43  Hatchery  
  192  19:48  Overseer  
  192  19:51  Zergling x2  
  192  19:52  Zergling x16  
  193  20:09  Drone x2  
  191  20:32  Zergling x18  
  167  20:37  Roach x3, Spire, Zergling x4  
  167  20:38  Zergling x12, Infestor x4  
  167  20:40  Queen, Drone x3  
  193  20:44  Ravager  
  193  20:45  Ravager  
  195  20:54  Baneling  
  195  20:55  Baneling x7  
  193  21:00  Spore Crawler  
  192  21:06  Zerg Flyer Armor Level 1  
  185  21:19  Drone x3  
  185  21:25  Extractor  
  187  21:26  Extractor  
  187  21:29  Spore Crawler  
  187  21:30  Spore Crawler  
  187  21:31  Spine Crawler  
  183  21:36  Hatchery  
  177  21:41  Corruptor x8  
  177  21:42  Corruptor  
  195  21:48  Baneling x8  
  195  21:53  Zerg Melee Weapons Level 3  
  195  21:55  Zerg Ground Armor Level 2, Greater Spire  
  195  22:01  Drone x3  
  198  22:06  Spine Crawler, Extractor  
  196  22:09  Extractor  
  173  22:43  Corruptor x3  
  176  23:04  Extractor  
  175  23:06  Brood Lord x12  
  175  23:07  Zerg Flyer Armor Level 2  
  196  23:25  Extractor  
  195  23:28  Corruptor x2  
  197  23:50  Drone x2  
  197  23:51  Spore Crawler x2  
  197  23:53  Corruptor  
  199  23:57  Overlord  
  193  24:09  Overlord x2  
  169  24:10  Brood Lord x2  
  169  24:11  Brood Lord x2, Corruptor x4  
  169  24:17  Corruptor x4  
  187  24:29  Brood Lord  
  189  24:31  Drone x3  
  189  24:33  Spore Crawler  
  189  24:34  Spore Crawler  
  189  24:37  Hatchery  
  189  24:42  Brood Lord x4  
  189  24:43  Hatchery  
  189  24:44  Corruptor x2  
  200  24:46  Overseer  
  198  24:56  Brood Lord  
  200  25:01  Zerg Ground Armor Level 3  
  200  25:05  Overlord x2  
  201  25:07  Overseer  
  201  25:08  Neural Parasite, Overseer  
  201  25:09  Burrow  
  201  25:16  Spore Crawler x2  
  201  25:17  Overlord  
  199  25:25  Overseer x2  
  199  25:39  Corruptor x4  
  194  25:48  Zergling x18  
  199  25:51  Hatchery  
  199  25:53  Brood Lord  
  201  26:05  Spore Crawler  
  201  26:06  Spore Crawler  
  201  26:07  Spore Crawler  
  201  26:11  Spore Crawler, Overlord  
  198  26:16  Hatchery  
  178  26:27  Corruptor x4  
  178  26:29  Infestor x4  
  194  26:36  Brood Lord x2  
  194  26:37  Brood Lord  
  200  26:42  Drone, Hatchery  
  200  26:43  Spore Crawler  
  200  26:45  Overseer  
  199  26:53  Overseer x2  
  187  27:19  Corruptor x2  
  187  27:20  Corruptor x2  
  195  27:26  Zergling x10  
  195  27:41  Hatchery  
  194  27:44  Zergling x8  
  194  27:45  Zergling x4  
  200  28:01  Hatchery  
  195  28:08  Brood Lord x4  
  196  28:14  Zergling x2  
  196  28:15  Zergling x6  
  197  28:26  Corruptor x2  
  200  28:35  Overlord  
  200  28:40  Overlord  
  200  29:05  Baneling x8  
  188  29:17  Hatchery  
  188  29:18  Corruptor x4  
  188  29:21  Brood Lord x2  
  188  29:22  Corruptor x3  
  195  29:26  Overlord  
  189  29:35  Zergling x26  
  184  29:51  Corruptor x4  
  154  29:59  Zergling x18  
  141  30:01  Zergling x16  
  128  30:16  Zergling x18  
  129  30:22  Hatchery  
  129  30:23  Roach x3  
  129  30:25  Roach x2  
  129  30:26  Roach  
  138  30:32  Roach, Infestor  
  138  30:33  Roach x2, Infestor  
  141  30:37  Queen  
  141  30:38  Roach x4  
  141  30:40  Roach  
  153  30:46  Roach x6  
  165  30:54  Baneling x12  
  165  30:55  Ravager  
  165  30:56  Zergling x8  
  170  31:00  Extractor  
  170  31:01  Extractor  
  168  31:06  Zergling x12  
  174  31:11  Overseer  
  174  31:12  Ravager x2  
  174  31:14  Drone x4  
  180  31:26  Ravager x2  
  180  31:27  Hatchery  
  180  31:29  Zergling x10  
  168  31:41  Infestor x2  
  148  31:48  Zergling x20  
  151  31:59  Infestor  
  151  32:00  Infestor  
  146  32:21  Hatchery  
  141  32:23  Ravager x8  
  147  32:44  Infestor x2  
  147  32:50  Zergling x14  
  147  32:51  Zergling x16  
  162  32:57  Ravager x5  
  164  33:23  Hatchery  
  162  33:28  Zergling x20  
  141  33:50  Viper  
  141  33:53  Drone x4  
  144  33:58  Zergling x12  
  150  34:09  Infestor  
  142  34:20  Roach x4  
  143  34:29  Drone x4  
  101  34:43  Extractor, Drone x2  
  101  34:46  Ravager x2  
  103  34:53  Zergling x8  
  103  34:54  Zergling x2  
  103  34:57  Ravager  
  109  35:03  Zergling x10  
  112  35:16  Roach x4  
  120  35:30  Viper  
  123  35:46  Drone x2, Ravager x2  
  129  35:53  Ravager  
Show
View Real Time Build Order
Export as new Build Order

Maru Terran - Winner!

Build Orders: Reaper Expand, Mech 

Get SALT Encoding   

  12  0:00  SCV  
  13  0:12  SCV  
  14  0:18  Supply Depot  
  14  0:24  SCV  
  15  0:40  SCV  
  15  0:41  Barracks  
  16  0:44  Refinery  
  16  0:52  SCV  
  17  1:04  SCV  
  18  1:16  SCV  
  19  1:28  Orbital Command, Reaper  
  20  1:42  Command Center  
  20  1:52  Supply Depot  
  20  1:54  SCV  
  21  2:00  Marine  
  22  2:06  SCV  
  23  2:16  Factory  
  23  2:18  SCV  
  25  2:24  Barracks Reactor  
  24  2:30  SCV  
  25  2:42  SCV  
  26  2:45  Command Center  
  26  2:54  SCV  
  27  2:59  Orbital Command  
  27  3:02  Starport  
  27  3:06  SCV  
  27  3:07  Refinery  
  28  3:16  Hellion  
  28  3:17  Hellion  
  28  3:18  SCV  
  33  3:24  SCV  
  34  3:31  SCV  
  35  3:36  SCV  
  35  3:38  Viking  
  35  3:39  Refinery  
  38  3:43  SCV  
  38  3:45  Hellion  
  41  3:48  SCV  
  41  3:49  Hellion  
  44  3:55  SCV  
  44  3:57  Orbital Command  
  44  4:00  SCV  
  46  4:04  Fusion Core  
  46  4:08  SCV  
  47  4:11  Starport Tech Lab  
  47  4:12  Supply Depot  
  47  4:13  SCV  
  48  4:20  SCV  
  48  4:21  Hellion x2  
  53  4:25  SCV x2  
  55  4:32  SCV  
  55  4:36  Supply Depot  
  55  4:37  SCV x2  
  58  4:44  SCV  
  59  4:46  Barracks Tech Lab  
  59  4:49  Orbital Command  
  59  4:52  Battlecruiser  
  65  4:53  SCV  
  65  4:57  Refinery  
  65  4:59  Supply Depot  
  66  5:02  Hellion x2, SCV  
  66  5:05  SCV  
  72  5:07  Supply Depot  
  72  5:14  SCV  
  72  5:19  Factory  
  72  5:20  Factory  
  72  5:21  SCV  
  74  5:24  SCV  
  74  5:25  Supply Depot  
  74  5:26  SCV  
  78  5:28  Hellion  
  78  5:29  Hellion  
  78  5:33  SCV  
  81  5:36  SCV  
  81  5:38  SCV  
  81  5:40  Armory x2  
  83  5:45  SCV  
  83  5:48  SCV  
  83  5:49  Supply Depot  
  85  5:50  SCV  
  85  5:54  Hellion x2  
  90  5:57  SCV  
  90  6:00  SCV  
  90  6:02  SCV  
  90  6:03  Supply Depot  
  93  6:08  Battlecruiser  
  93  6:09  SCV  
  100  6:12  SCV  
  100  6:14  Refinery  
  100  6:15  Refinery, SCV  
  102  6:20  Engineering Bay  
  102  6:23  Factory Tech Lab  
  102  6:24  Siege Tank  
  101  6:26  SCV  
  101  6:28  SCV x2  
  101  6:30  Terran Vehicle Weapons Level 1  
  101  6:31  Terran Vehicle And Ship Armor Level 1  
  104  6:38  Hellion x2, SCV  
  109  6:40  SCV x2  
  109  6:43  Supply Depot  
  109  6:44  Supply Depot  
  109  6:46  Siege Tank  
  114  6:50  SCV  
  114  6:52  Missile Turret, SCV x2, Weapon Refit  
  117  6:54  Missile Turret  
  113  7:02  SCV  
  113  7:04  SCV, Command Center  
  113  7:08  Siege Tank  
  118  7:10  SCV  
  118  7:11  Supply Depot  
  119  7:18  Battlecruiser  
  123  7:26  SCV x3  
  123  7:29  Siege Tank  
  129  7:31  Missile Turret  
  129  7:40  Factory  
  129  7:42  Factory, SCV  
  129  7:44  SCV  
  131  7:50  SCV  
  132  7:54  SCV, Command Center  
  132  7:56  SCV  
  132  7:57  Siege Tank  
  132  7:58  Hellion x2  
  141  8:00  Supply Depot  
  141  8:07  Sensor Tower  
  141  8:08  Missile Turret  
  141  8:12  SCV x2  
  141  8:13  Supply Depot  
  141  8:15  Siege Tank  
  144  8:26  Terran Vehicle And Ship Armor Level 2, Terran Vehicle Weapons Level 2  
  144  8:28  Infernal Pre-Igniter  
  144  8:29  Missile Turret  
  144  8:32  Missile Turret  
  142  8:34  Missile Turret  
  142  8:36  Siege Tank  
  142  8:37  Hellion x2, SCV  
  142  8:38  SCV  
  142  8:39  SCV  
  152  8:41  Factory Tech Lab x2  
  152  8:42  Supply Depot  
  152  8:48  Refinery  
  152  8:49  Refinery, SCV  
  152  8:52  Planetary Fortress  
  153  9:00  Missile Turret, Sensor Tower  
  153  9:01  Missile Turret  
  153  9:06  Siege Tank  
  153  9:07  Missile Turret  
  156  9:14  Command Center  
  156  9:21  Command Center  
  156  9:24  Mag-Field Accelerator  
  156  9:28  Cyclone x3  
  156  9:29  Hellion x2  
  169  9:44  SCV  
  166  9:49  Cyclone  
  166  9:50  Hellion  
  169  9:59  Missile Turret x2  
  169  10:00  Cyclone  
  169  10:01  Missile Turret  
  169  10:06  Siege Tank x2  
  174  10:07  Hellion  
  174  10:10  SCV  
  174  10:14  Planetary Fortress  
  175  10:19  Hellion  
  175  10:27  Siege Tank  
  175  10:28  Hellion  
  163  10:32  Siege Tank  
  166  10:36  Battlecruiser  
  166  10:37  SCV  
  166  10:41  Orbital Command  
  173  10:43  Hellion  
  173  10:45  Terran Vehicle Weapons Level 3  
  175  10:59  Hellion, Terran Vehicle And Ship Armor Level 3, Barracks  
  175  11:00  Hellion x6, Barracks, Ghost Academy  
  175  11:01  Barracks  
  172  11:13  Siege Tank x2  
  173  11:23  Hellion x2  
  173  11:24  Siege Tank  
  180  11:29  Missile Turret  
  180  11:30  Missile Turret, Cyclone  
  180  11:31  SCV  
  184  11:35  SCV x3  
  187  11:40  Missile Turret  
  187  11:41  Missile Turret  
  187  11:43  Sensor Tower  
  187  11:44  Hellion x2, SCV  
  187  11:45  Cyclone  
  195  11:48  Hellion x8  
  195  11:50  Smart Servos  
  195  11:52  Missile Turret x2  
  195  11:55  Missile Turret  
  189  12:02  Cyclone x2  
  192  12:11  Battlecruiser  
  192  12:13  Barracks Tech Lab x3  
  198  12:19  Orbital Command  
  198  12:22  Missile Turret  
  198  12:24  Refinery  
  198  12:25  Refinery, Personal Cloaking  
  198  12:29  Terran Infantry Armor Level 1  
  198  12:30  Barracks Tech Lab  
  198  12:31  Barracks  
  198  12:43  SCV  
  185  12:54  Ghost x3  
  185  12:58  Hellion x6  
  194  13:02  Orbital Command  
  194  13:04  SCV x4  
  194  13:05  SCV, Missile Turret  
  199  13:08  Missile Turret  
  199  13:16  SCV, Missile Turret  
  199  13:18  Missile Turret  
  198  13:30  Ghost x2, Barracks Tech Lab  
  195  13:40  SCV x2  
  191  13:42  Siege Tank x2  
  191  13:43  Siege Tank  
  191  13:48  Command Center  
  200  13:51  Sensor Tower  
  200  13:54  Terran Ship Weapons Level 1  
  196  14:05  Ghost  
  196  14:08  Engineering Bay  
  188  14:18  Siege Tank x2  
  188  14:19  Siege Tank  
  188  14:21  Ghost  
  188  14:22  Ghost x2  
  188  14:24  Barracks Tech Lab, Medivac  
  192  14:31  SCV x4  
  192  14:32  SCV  
  192  14:34  Ghost  
  198  14:52  Ghost  
  198  14:59  Hellion x4  
  185  15:07  Ghost x3  
  185  15:08  Hellbat x2  
  158  15:17  Ghost  
  158  15:18  Hellion x4, Siege Tank  
  158  15:19  Hellion x2, Siege Tank, Hellbat x2  
  170  15:21  Ghost  
  170  15:22  Medivac  
  174  15:31  Command Center  
  174  15:34  Hellbat x2  
  178  15:35  Ghost  
  178  15:39  Command Center  
  178  15:40  Siege Tank  
  178  15:41  Siege Tank  
  186  15:50  Siege Tank  
  186  15:52  Siege Tank  
  174  15:58  Terran Infantry Armor Level 2, Terran Infantry Weapons Level 1  
  174  16:03  Hellbat x2  
  151  16:13  Siege Tank x2  
  157  16:18  Factory  
  157  16:22  Hellbat  
  157  16:24  Siege Tank, Hellbat  
  157  16:25  Missile Turret, Hellbat  
  166  16:27  Raven  
  166  16:31  Ghost x2, Missile Turret  
  172  16:43  Orbital Command, Siege Tank  
  172  16:45  Hellion x2  
  176  16:55  Hellbat x2  
  176  16:56  Siege Tank  
  183  17:06  Siege Tank  
  186  17:21  Ghost  
  186  17:22  Orbital Command  
  177  17:27  Ghost x4  
  147  17:40  Siege Tank x2  
  147  17:41  Siege Tank  
  147  17:42  Orbital Command, Hellbat x2  
  157  17:49  Ghost  
  157  17:50  Hellion x2  
  163  17:53  Factory  
  163  17:55  Ghost, SCV, Missile Turret  
  163  17:56  Missile Turret  
  166  17:58  Missile Turret, Sensor Tower  
  166  17:59  Orbital Command  
  166  18:03  Hellion  
  166  18:05  Ghost x2  
  168  18:10  Hellbat  
  168  18:11  Hellbat x2  
  168  18:12  Terran Infantry Weapons Level 2  
  180  18:13  Hellbat x2  
  159  18:29  Siege Tank  
  159  18:30  Hellion  
  159  18:31  Hellion  
  159  18:32  Siege Tank  
  169  18:39  Terran Infantry Armor Level 3  
  169  18:43  Command Center  
  169  18:48  Siege Tank x2  
  175  18:49  Hellbat  
  175  18:51  Hellbat  
  179  19:09  Siege Tank x2, Hellbat  
  187  19:14  Orbital Command  
  185  19:18  Hellbat x2  
  185  19:20  Siege Tank x2  
  165  19:33  SCV  
  165  19:34  SCV  
  165  19:35  Planetary Fortress  
  167  20:01  Missile Turret  
  167  20:03  Siege Tank x2, Missile Turret, Sensor Tower  
  167  20:04  Hellbat x2  
  177  20:13  Factory Reactor  
  177  20:16  Factory Tech Lab  
  177  20:19  Siege Tank  
  177  20:20  Siege Tank  
  183  20:25  Hellbat  
  174  20:35  Thor x2  
  186  20:43  Missile Turret  
  186  20:45  SCV x3  
  186  20:46  SCV x4  
  193  20:57  SCV  
  194  21:10  Sensor Tower  
  194  21:18  SCV x2  
  196  21:19  Planetary Fortress  
  196  21:23  Missile Turret  
  196  21:26  Missile Turret  
  196  21:37  Command Center  
  196  21:38  Command Center  
  190  21:51  Refinery, Terran Infantry Weapons Level 3  
  190  21:52  Refinery  
  190  21:53  Thor  
  189  22:27  Siege Tank x2  
  194  22:34  SCV x5  
  194  22:35  SCV x2  
  196  22:38  Siege Tank  
  198  22:46  Command Center  
  198  22:47  SCV  
  199  22:54  Terran Ship Weapons Level 2  
  199  22:59  SCV  
  200  23:08  Orbital Command, Enhanced Shockwaves  
  200  23:11  Orbital Command x2  
  200  23:13  Missile Turret  
  200  23:14  Sensor Tower  
  200  23:16  Missile Turret  
  191  23:31  SCV  
  192  23:44  Siege Tank x2  
  192  23:45  Hellbat  
  192  23:47  Refinery  
  192  23:48  Refinery  
  200  23:54  Orbital Command  
  188  24:19  Thor x2  
  188  24:20  Thor  
  196  24:26  Nuke  
  196  24:36  Orbital Command  
  196  24:38  Medivac  
  198  24:44  Orbital Command  
  198  24:45  Sensor Tower  
  193  24:58  Neosteel Armor  
  188  25:01  SCV x7  
  188  25:02  SCV x2  
  188  25:06  Refinery  
  197  25:08  Raven  
  199  25:40  Hellbat x2  
  199  25:41  Hellbat  
  191  25:47  Hellbat x2  
  186  25:50  Hellbat x4  
  186  25:51  Orbital Command  
  186  25:56  Sensor Tower  
  190  25:58  SCV x4  
  190  25:59  SCV x4  
  190  26:01  Medivac  
  200  26:25  Thor x2  
  193  26:31  Medivac  
  194  26:41  Hellbat x3  
  185  27:16  Hellbat  
  185  27:17  Hellbat x2  
  188  27:25  Raven  
  184  28:22  Command Center  
  184  28:26  Thor x3  
  199  28:39  Command Center  
  199  28:40  Terran Ship Weapons Level 3  
  199  29:05  Nuke  
  190  29:21  Ghost x3, Thor  
  190  29:22  Ghost x2  
  196  29:26  Hellbat  
  196  29:27  Hellbat  
  190  29:34  Hellbat x2  
  176  29:50  Ghost  
  155  29:56  Battlecruiser  
  155  29:59  Thor  
  118  30:09  Thor  
  122  30:28  Hellbat x3  
  122  30:35  Ghost  
  123  30:53  Ghost x3  
  123  30:56  Hellbat x2  
  133  31:00  Medivac  
  135  31:10  SCV x5  
  135  31:11  Ghost  
  140  31:16  Hellbat x4  
  140  31:17  Hellbat  
  152  31:25  Orbital Command  
  128  31:40  Siege Tank x2  
  128  31:41  Hellbat x5  
  128  31:42  SCV x3  
  127  32:03  Siege Tank, Hellbat  
  127  32:04  Hellbat x2  
  136  32:20  Siege Tank  
  136  32:21  Hellbat x3  
  140  32:45  Siege Tank  
  140  32:46  Hellbat  
  145  32:56  Hellbat  
  145  32:57  Orbital Command, Hellbat x3  
  145  32:58  Hellbat  
  155  33:00  SCV  
  155  33:01  SCV x2  
  156  33:13  SCV x2  
  158  33:20  SCV  
  159  33:30  SCV x2  
  145  33:50  Siege Tank x2  
  145  33:51  Hellbat  
  145  33:54  Refinery  
  145  33:55  Refinery  
  151  34:00  Sensor Tower  
  151  34:01  Hellbat x6  
  157  34:14  Hellbat  
  156  34:18  Planetary Fortress  
  156  34:22  Hellbat x4  
  156  34:41  Medivac  
  156  34:44  Refinery x2, SCV x2  
  156  34:45  SCV  
  159  35:03  SCV x3  
  162  35:11  Medivac  
  158  35:23  Missile Turret  
  158  35:25  Missile Turret  
  158  35:26  Missile Turret  
  158  35:28  Orbital Command, Siege Tank x2  
  159  35:29  Siege Tank, Hellbat x3  
  168  35:39  Ghost  
  168  35:40  Ghost  
  168  35:41  Medivac  
  174  35:48  Missile Turret  

Tags
 
Add a new tag
Caveats
  • Supply blocks, unpowered buildings, or Contaminate may cause inaccurate times.
  • Supply counts are checked every 10 seconds.